[Event "Mitropa Cup Women 2024"]
[Site "Apolda"]
[Date "2024.02.21"]
[Round "7.1"]
[White "Urh, Zala"]
[Black "Iglesias, Yosha"]
[Result "0-1"]
[ECO "B11"]
[WhiteElo "2290"]
[BlackElo "2260"]
[Annotator "TA"]
[PlyCount "78"]
[EventDate "2024.02.15"]
[EventType "team-tourn"]
[EventCountry "GER"]
[SourceTitle "playchess.com"]
[Source "ChessBase"]
[SourceQuality "1"]
[WhiteTeam "Slovenia"]
[BlackTeam "France"]
[WhiteTeamCountry "SLO"]
[BlackTeamCountry "FRA"]
[TimeControl "40/5400+30:1800+30"]

1. e4 c6 2. Nf3 d5 3. Nc3 dxe4 4. Nxe4 Nf6 5. Qe2 Nxe4 6. Qxe4 Nd7 7. Bc4 Nf6 {[%emt 0:00:06] [#]} 8. Ne5 $1 e6 {[%emt 0:00:25] The position is equal.} 9. Qe2 b5 10. Bd3 (10. Nxc6 Qc7 11. Bd3 (11. Bxb5 a6 $19) 11... a6 $15 (11... Qxc6 $2 12. Bxb5 $18)) 10... Bd6 (10... Bb7 $11) 11. a4 $14 Qc7 {[%emt 0:02:57] [#]} 12. Nxc6 b4 (12... Qxc6 $2 13. Bxb5 $18 (13. axb5 $2 Qxg2 14. Qf1 Qd5 $19) (13. axb5 $2 Qxg2 14. Qf1 Qd5 $19)) 13. Nd4 $1 a6 {[%emt 0:00:12][%cal Oe8g8] Dodges Nb5} 14. Nf5 Bb7 15. Nxd6+ (15. Nxg7+ Kf8 16. Nh5 Nxh5 17. Qxh5 Rg8 18. Qxh7 (18. Bxh7 Rxg2 19. Qh3 Bf4 $19) 18... Rxg2 $17) 15... Qxd6 16. O-O h5 17. Qe3 h4 (17... Rd8 $14) 18. f3 (18. h3 $16) 18... Nd5 ({Black should play} 18... Rh5 $1 $14) 19. Qf2 (19. Qd4 $1 $16) 19... Rc8 20. b3 Rh5 21. Bb2 $2 (21. Kh1 $14 {stays ahead.}) 21... Nf4 $17 {[%emt 0:04:29] Hoping for ...Rg5.} 22. Be4 {[%emt 0:03:01] [#]} Rg5 $1 23. Kh1 Rxg2 24. Qxh4 {[%emt 0:01:23] [#]} (24. Qd4 $17 Qxd4 (24... Rxd2 $2 25. Qxd6 Rxd6 26. Bxb7 $18) 25. Bxd4 Bxe4 (25... Rxd2 26. Be3 $16) 26. fxe4) 24... g5 $2 (24... Rxd2 $1 $19 {White must now prevent ...Bxe4.} 25. Bc1 (25. Bxb7 $2 Rcxc2 $19) 25... Bxe4 26. fxe4 Ng6) 25. Qh8+ Kd7 26. Qh7 Bxe4 27. fxe4 Rxc2 (27... Qxd2 $2 28. Rad1 (28. Qxf7+ Kc6 29. Qh7 Rf2 30. Rg1 Qe2) 28... Rxc2 29. Bc1 $18 (29. Rxd2+ Rgxd2 30. Bc1 Rxh2+ 31. Qxh2 Rxh2+ 32. Kxh2 Ne2 $18) (29. Qxf7+ Kc6 $18) (29. Rxd2+ Rgxd2 30. Bc1 Rf2 $18) (29. Qxf7+ Kc6 $18)) 28. Rac1 Rgxd2 {[%emt 0:08:02] Black has more active pieces.} (28... Rxb2 $2 {is the wrong capture.} 29. Qxf7+ Kd8 (29... Qe7 $2 30. Rc7+ Kxc7 31. Qxe7+ Kb8 32. Qxb4+ Ka8 33. Qf8+ Kb7 34. Qg7+ Kb8 35. Qxb2 $18) 30. Qg8+ Ke7 31. Qg7+ Kd8 32. Qxb2 $18) 29. Rxc2 Rxc2 $40 {[%emt 0:00:41][%mdl 128] Black goes for the king.} 30. Qxf7+ Kc6 {[%emt 0:02:00][%cal Oc2h2] Chess con chili.} 31. Qe8+ $2 {[%emt 0:13:26][%mdl 8192] [#]} (31. Qa7 $15 Qd3 (31... Rxb2 32. Rc1+) 32. Qa8+ Kd7 33. Qa7+ Rc7 34. Qd4+ Kc8 35. Qxd3 (35. Rxf4 $2 Qb1+ 36. Qg1 Qxg1+ 37. Kxg1 gxf4 $19) 35... Nxd3 36. Rf8+ Kb7 37. Bd4) 31... Kb7 $1 $19 32. Qf7+ Kb6 (32... Rc7 $142 33. Qxc7+ Qxc7) 33. a5+ Kxa5 34. Qa7 Rxb2 35. Ra1+ Kb5 {[%emt 0:00:10][%cal Ob2h2] ( -> ...Rxh2+!)} 36. Qb7+ Qb6 37. Qd7+ Qc6 38. Qd4 {[%emt 0:01:31] [#]} Rxh2+ $3 39. Kg1 Ne2+ {[%emt 0:00:17] Weighted Error Value: White=0.69/Black=0.36.  Loses game:     	White=1     	---        Missed win:     	---       	Black=1      Mistake:       	White=4     	Black=3      Inaccurate:     	White=2     	---        OK:         	White=5     	Black=9      Best:        	White=4     	Black=4      Strong:       	White=1     	Black=2      Brilliant:      	White=1     	---} 0-1

[Event "Mitropa Cup Women 2024"]
[Site "Apolda"]
[Date "2024.02.21"]
[Round "7.2"]
[White "Schippke, Manon"]
[Black "Shpanko, Nadiia"]
[Result "1-0"]
[ECO "B12"]
[WhiteElo "2162"]
[BlackElo "2179"]
[Annotator "RC"]
[PlyCount "79"]
[EventDate "2024.02.15"]
[EventType "team-tourn"]
[EventCountry "GER"]
[SourceTitle "playchess.com"]
[Source "ChessBase"]
[SourceQuality "1"]
[WhiteTeam "France"]
[BlackTeam "Slovenia"]
[WhiteTeamCountry "FRA"]
[BlackTeamCountry "SLO"]
[TimeControl "40/5400+30:1800+30"]

1. e4 c6 2. d4 d5 3. e5 c5 4. Nf3 Nc6 5. c4 cxd4 6. Nxd4 Qa5+ 7. Bd2 Qb6 8. Nxc6 Qxc6 9. cxd5 Qxd5 10. Qe2 a6 11. Nc3 Qe6 12. Qe4 f5 13. Qd4 Qd7 14. Qf4 g6 15. Rd1 Bh6 16. Qh4 Bxd2+ 17. Rxd2 Qc7 18. Bc4 b5 19. Bb3 Bb7 20. O-O Rd8 21. Rxd8+ Qxd8 22. Bxg8 Rxg8 23. Qxh7 Kf8 24. Rd1 Qc7 25. e6 Rg7 26. Qh8+ Rg8 27. Qh6+ Rg7 28. Rd7 Qc8 29. Rxe7 Kxe7 30. Qxg7+ Kxe6 31. Qxg6+ Ke7 32. a3 Bc6 33. h4 a5 34. Qg7+ Ke6 35. h5 b4 36. axb4 axb4 37. Ne2 Qd7 38. Nf4+ Kd6 39. Qxd7+ Bxd7 40. h6 1-0

[Event "Mitropa Cup Women 2024"]
[Site "Apolda"]
[Date "2024.02.21"]
[Round "7.3"]
[White "Vidic, Teja"]
[Black "Navrotescu, Andreea"]
[Result "0-1"]
[ECO "B27"]
[WhiteElo "2132"]
[BlackElo "2222"]
[Annotator "RC"]
[PlyCount "68"]
[EventDate "2024.02.15"]
[EventType "team-tourn"]
[EventCountry "GER"]
[SourceTitle "playchess.com"]
[Source "ChessBase"]
[SourceQuality "1"]
[WhiteTeam "Slovenia"]
[BlackTeam "France"]
[WhiteTeamCountry "SLO"]
[BlackTeamCountry "FRA"]
[TimeControl "40/5400+30:1800+30"]

1. e4 c5 2. Nf3 b6 3. d4 cxd4 4. Nxd4 Bb7 5. Bd3 g6 6. O-O Bg7 7. Be3 Nf6 8. f3 O-O 9. c4 d6 10. Nc3 Nbd7 11. b3 Rc8 12. Rc1 a6 13. Qe1 Ne5 14. Be2 e6 15. h3 Ned7 16. Qf2 Re8 17. Rfe1 d5 18. cxd5 exd5 19. exd5 Rxc3 20. Rxc3 Nxd5 21. Bd2 Qf6 22. Rd3 Nc5 23. Nc2 Qb2 24. Bf1 Rxe1 25. Qxe1 Qxc2 26. Qe8+ Bf8 27. Bh6 Ne6 28. Bxf8 Nxf8 29. Qe5 Qc5+ 30. Kh2 Qf2 31. Be2 Ne6 32. Qb8+ Kg7 33. Qe5+ Kh6 34. Rd1 Ne3 0-1

[Event "Mitropa Cup Women 2024"]
[Site "Apolda"]
[Date "2024.02.21"]
[Round "7.4"]
[White "Blanquet, Camille"]
[Black "Mihelic, Vesna"]
[Result "0-1"]
[ECO "D37"]
[WhiteElo "2023"]
[BlackElo "2112"]
[Annotator "NA RC"]
[PlyCount "78"]
[EventDate "2024.02.15"]
[EventType "team-tourn"]
[EventCountry "GER"]
[SourceTitle "playchess.com"]
[Source "ChessBase"]
[SourceQuality "1"]
[WhiteTeam "France"]
[BlackTeam "Slovenia"]
[WhiteTeamCountry "FRA"]
[BlackTeamCountry "SLO"]
[TimeControl "40/5400+30:1800+30"]

1. d4 d5 2. c4 e6 3. Nc3 Nf6 4. Nf3 Be7 5. Bf4 O-O 6. e3 b6 7. cxd5 Nxd5 8. Nxd5 Qxd5 9. Be2 Ba6 10. O-O c5 11. Bxa6 Nxa6 12. Qe2 Qb7 13. Rfd1 Rfd8 14. Rac1 Nb4 15. a3 Nd5 16. Be5 Rac8 17. e4 Nf6 18. Bxf6 Bxf6 19. e5 Be7 20. dxc5 Rxd1+ 21. Rxd1 Rxc5 22. h3 h6 23. b4 Rd5 24. Rxd5 Qxd5 25. Qa6 Qd7 26. Qc4 Qa4 27. Nd4 Qxa3 28. Nc6 Bf8 29. b5 Bc5 30. Qf4 Qa1+ 31. Kh2 Qf1 32. Kg3 Qxb5 33. Nxa7 Qd7 34. Qc4 Qxa7 35. Qb5 Qe7 36. f4 Qd8 37. Qc6 Qd3+ 38. Kh2 Qf5 39. Qf3 g5 0-1

[Event "Mitropa Cup Women 2024"]
[Site "Apolda"]
[Date "2024.02.21"]
[Round "7.5"]
[White "Novosadova, Kristyna"]
[Black "Cvitan, Ena"]
[Result "1/2-1/2"]
[ECO "B12"]
[WhiteElo "2188"]
[BlackElo "2242"]
[Annotator "RC"]
[PlyCount "204"]
[EventDate "2024.02.15"]
[EventType "team-tourn"]
[EventCountry "GER"]
[SourceTitle "playchess.com"]
[Source "ChessBase"]
[SourceQuality "1"]
[WhiteTeam "Czech Republic"]
[BlackTeam "Croatia"]
[WhiteTeamCountry "CZE"]
[BlackTeamCountry "CRO"]
[TimeControl "40/5400+30:1800+30"]

1. e4 c6 2. d4 d5 3. e5 Bf5 4. Nc3 a6 5. g4 Bd7 6. Bg2 e6 7. Nce2 c5 8. c3 h5 9. gxh5 Rxh5 10. Ng3 Rh8 11. f4 cxd4 12. cxd4 Nc6 13. Nf3 Nh6 14. f5 Bb4+ 15. Kf2 Ng4+ 16. Kg1 Qb6 17. fxe6 Bxe6 18. Bf4 O-O-O 19. h3 Nh6 20. Rc1 Kb8 21. a3 Be7 22. b4 g5 23. Nxg5 Bxg5 24. Bxg5 Rdg8 25. Bf4 Ka8 26. Rc5 Nf5 27. Nxf5 Bxf5 28. Kf2 Ne7 29. Bf3 Bxh3 30. b5 Rh4 31. Qd2 a5 32. Bg5 Rxg5 33. Qxg5 Rxd4 34. Qxe7 Rc4 35. Qd6 Qxc5+ 36. Qxc5 Rxc5 37. Rxh3 Rxb5 38. Rh8+ Ka7 39. Re8 d4 40. Ke2 Rb2+ 41. Kd1 Rb3 42. Bd5 Rxa3 43. Bxf7 Re3 44. e6 a4 45. Rd8 a3 46. Rxd4 b5 47. Rd7+ Kb6 48. e7 b4 49. Kc2 Re2+ 50. Kd1 Re3 51. Kd2 Re5 52. Bb3 a2 53. Bxa2 Kc6 54. Rd4 Rxe7 55. Rxb4 Rh7 56. Be6 Kd6 57. Bf5 Rh5 58. Bg4 Ra5 59. Ke3 Ke5 60. Re4+ Kd6 61. Kf4 Rc5 62. Re6+ Kd5 63. Re8 Rc4+ 64. Kf5 Kd4 65. Be2 Rb4 66. Re4+ Kc5 67. Re3 Rb8 68. Rc3+ Kd5 69. Kf4 Rb4+ 70. Kf5 Rb8 71. Rd3+ Kc5 72. Bh5 Rb1 73. Rd2 Rb7 74. Bg4 Rb4 75. Bf3 Rd4 76. Ra2 Rd8 77. Rc2+ Kb6 78. Ke5 Re8+ 79. Kd4 Rh8 80. Rb2+ Kc7 81. Kc5 Kd7 82. Kd5 Kc7 83. Bg4 Rd8+ 84. Kc5 Ra8 85. Rb5 Ra1 86. Bf3 Rc1+ 87. Kd5 Rg1 88. Kd4 Ra1 89. Ke5 Ra7 90. Bd5 Kd7 91. Rb1 Kc7 92. Rh1 Kb6 93. Kd6 Ra5 94. Rh8 Kb5 95. Rb8+ Ka4 96. Kc6 Ka3 97. Rb1 Ra4 98. Kc5 Rh4 99. Rb3+ Ka4 100. Rb1 Ka3 101. Bf7 Rf4 102. Bd5 Rh4 1/2-1/2

[Event "Mitropa Cup Women 2024"]
[Site "Apolda"]
[Date "2024.02.21"]
[Round "7.6"]
[White "Berke, Ana"]
[Black "Koubova, Anna Marie"]
[Result "0-1"]
[ECO "C07"]
[WhiteElo "2092"]
[BlackElo "2100"]
[Annotator "RC"]
[PlyCount "74"]
[EventDate "2024.02.15"]
[EventType "team-tourn"]
[EventCountry "GER"]
[SourceTitle "playchess.com"]
[Source "ChessBase"]
[SourceQuality "1"]
[WhiteTeam "Croatia"]
[BlackTeam "Czech Republic"]
[WhiteTeamCountry "CRO"]
[BlackTeamCountry "CZE"]
[TimeControl "40/5400+30:1800+30"]

1. e4 e6 2. d4 d5 3. Nd2 c5 4. dxc5 Bxc5 5. Bd3 Nf6 6. Qe2 Nc6 7. Ngf3 Nb4 8. e5 Nxd3+ 9. cxd3 Nd7 10. h4 b6 11. h5 h6 12. Nb3 Ba6 13. Rh3 O-O 14. Nfd4 Bb4+ 15. Kf1 Rc8 16. Bf4 Qe7 17. Qg4 Kh8 18. a3 Bc5 19. Re1 Bxd4 20. Nxd4 Nc5 21. Rg3 Rg8 22. Rd1 Na4 23. b4 Nb2 24. Rd2 Rc1+ 25. Ke2 Nxd3 26. Rgxd3 Bc4 27. Qf3 Qh4 28. Rc2 Ra1 29. Rxc4 dxc4 30. Rd1 Rxd1 31. Kxd1 Rd8 32. Qe3 Qh1+ 33. Ke2 Qa1 34. Bxh6 Rxd4 35. Bxg7+ Kxg7 36. Qg5+ Kh7 37. Kf3 Qc3+ 0-1

[Event "Mitropa Cup Women 2024"]
[Site "Apolda"]
[Date "2024.02.21"]
[Round "7.7"]
[White "Lhotska, Anna"]
[Black "Vujnovic, Patricija"]
[Result "0-1"]
[ECO "A09"]
[WhiteElo "2053"]
[BlackElo "2104"]
[Annotator "RC"]
[PlyCount "74"]
[EventDate "2024.02.15"]
[EventType "team-tourn"]
[EventCountry "GER"]
[SourceTitle "playchess.com"]
[Source "ChessBase"]
[SourceQuality "1"]
[WhiteTeam "Czech Republic"]
[BlackTeam "Croatia"]
[WhiteTeamCountry "CZE"]
[BlackTeamCountry "CRO"]
[TimeControl "40/5400+30:1800+30"]

1. Nf3 d5 2. g3 Nc6 3. c4 d4 4. d3 e5 5. Bg2 Nf6 6. O-O Be7 7. e3 O-O 8. exd4 exd4 9. Na3 Bf5 10. Nc2 a5 11. b3 a4 12. Bb2 Bc5 13. Rb1 axb3 14. axb3 Ra2 15. b4 Bxb4 16. Ncxd4 Nxd4 17. Nxd4 Rxb2 18. Nxf5 Rd2 19. Qc1 Ba5 20. Rb5 c6 21. Rxb7 Qxd3 22. Ne7+ Kh8 23. Nxc6 Bc3 24. Rb3 Rc2 25. Qf4 Qe2 26. Bf3 Qe6 27. Rb8 Re8 28. Rxe8+ Qxe8 29. Rd1 Bd2 30. Qd6 Be1 31. Qc7 Bxf2+ 32. Kh1 Qe3 33. Ne5 h5 34. Nxf7+ Kh7 35. Ne5 Bxg3 36. hxg3 Qf2 37. Be4+ Nxe4 0-1

[Event "Mitropa Cup Women 2024"]
[Site "Apolda"]
[Date "2024.02.21"]
[Round "7.8"]
[White "Mihaljevic, Eva"]
[Black "Fizerova, Lucie"]
[Result "1-0"]
[ECO "B62"]
[WhiteElo "2043"]
[BlackElo "1794"]
[Annotator "NA RC"]
[PlyCount "45"]
[EventDate "2024.02.15"]
[EventType "team-tourn"]
[EventCountry "GER"]
[SourceTitle "playchess.com"]
[Source "ChessBase"]
[SourceQuality "1"]
[WhiteTeam "Croatia"]
[BlackTeam "Czech Republic"]
[WhiteTeamCountry "CRO"]
[BlackTeamCountry "CZE"]
[TimeControl "40/5400+30:1800+30"]

1. e4 c5 2. Nf3 d6 3. d4 cxd4 4. Nxd4 Nf6 5. Nc3 Nc6 6. Bg5 e6 7. Qd3 a6 8. Nxc6 bxc6 9. O-O-O Be7 10. Qg3 e5 11. Be2 Be6 12. f4 Qc7 13. fxe5 dxe5 14. Rhf1 Rb8 15. Bxf6 Bxf6 16. Rxf6 gxf6 17. Qg7 Rf8 18. Qxf6 Rg8 19. Bh5 Bc4 20. b3 Rxg2 21. bxc4 Kf8 22. Bxf7 Qb7 23. Bd5+ 1-0

[Event "Mitropa Cup Women 2024"]
[Site "Apolda"]
[Date "2024.02.21"]
[Round "7.9"]
[White "Brunello, Marina"]
[Black "Walter, Ema"]
[Result "1-0"]
[ECO "C54"]
[WhiteElo "2345"]
[BlackElo "2124"]
[Annotator "TA"]
[PlyCount "97"]
[EventDate "2024.02.15"]
[EventType "team-tourn"]
[EventCountry "GER"]
[SourceTitle "playchess.com"]
[Source "ChessBase"]
[SourceQuality "1"]
[WhiteTeam "Italy"]
[BlackTeam "Slovakia"]
[WhiteTeamCountry "ITA"]
[BlackTeamCountry "SVK"]
[TimeControl "40/5400+30:1800+30"]

1. e4 e5 2. Nf3 Nc6 3. Bc4 Bc5 4. d3 Nf6 5. c3 d6 6. Bb3 a5 7. a4 h6 8. O-O O-O {[%emt 0:00:12] Die Stellung ist ausgeglichen.} 9. Be3 Bxe3 10. fxe3 Be6 11. Bc2 Ne7 12. Nbd2 Ng6 13. d4 c6 14. Qe2 Qc7 15. Rfb1 Nd7 16. Nf1 d5 17. exd5 cxd5 18. Bxg6 fxg6 19. Nxe5 Nxe5 20. dxe5 {[%emt 0:00:04] Weiss ist schwach auf den weissen Feldern} Qxe5 21. Rd1 Rf6 22. Rd4 Raf8 23. Ng3 h5 24. Rf1 Bg4 (24... Re8 {vereinfacht} 25. Rxf6 gxf6 26. Kf2 Kg7) 25. Qd2 Be6 26. Re1 Kh7 27. Rf4 Qg5 (27... Bd7 {vereinfacht} 28. Qd4 Re8 29. Qxe5 Rxe5 30. Rxf6 gxf6 31. Kf2 Re6) 28. Ref1 h4 29. Ne2 h3 30. g3 Qe5 31. Qd4 Qe4 32. Qxe4 $16 (32. Rh4+ {führt zum Matt.} Kg8) 32... dxe4 33. Rh4+ Kg8 34. Rxf6 Rxf6 {[%emt 0:00:17][%mdl 4096] Endspiel. KRB-KRN} 35. Rf4 (35. Rxe4 $16 g5 36. g4) 35... Bf5 (35... Bd7 $11) 36. Nd4 Rb6 {[%emt 0:00:25] [#]} (36... Bd7 37. b3 $11) ({Vorzuziehen ist} 36... Rf7 $14) 37. b3 $1 $18 Be6 {[%emt 0:00:51] [#]} 38. c4 $1 {[%emt 0:00:06][%cal Oc4c5] Droht stark c5!} g5 (38... Bd7 $16 {war einen Versuch wert.} 39. Rxe4 Bf5) 39. Rxe4 Bf7 40. Kf2 Bg6 41. Re5 Rf6+ 42. Ke2 b6 43. Rxg5 Kf7 44. Re5 Rd6 45. g4 {[%emt 0:02:46][%cal Bg3g4,Bg4g5][%mdl 32] Weiß steht klar auf Gewinn.} Kf6 46. Rb5 Be8 47. g5+ Kg6 48. Re5 Bd7 49. Kf3 {[%emt 0:00:23] Gewichteter Fehlerwert: Weiß=0.08 (makellos) /Schwarz=0.21 (präzise) .  Fehler:       	Weiß=1     	Schwarz=4     Ungenau:       	---       	Schwarz=3     OK:         	Weiß=15    	Schwarz=12    Bester:       	Weiß=2     	---        Stark:        	Weiß=1     	---} 1-0

[Event "Mitropa Cup Women 2024"]
[Site "Apolda"]
[Date "2024.02.21"]
[Round "7.10"]
[White "Sankova, Stella"]
[Black "Zimina, Olga"]
[Result "0-1"]
[ECO "B13"]
[WhiteElo "2124"]
[BlackElo "2291"]
[Annotator "TA"]
[PlyCount "60"]
[EventDate "2024.02.15"]
[EventType "team-tourn"]
[EventCountry "GER"]
[SourceTitle "playchess.com"]
[Source "ChessBase"]
[SourceQuality "1"]
[WhiteTeam "Slovakia"]
[BlackTeam "Italy"]
[WhiteTeamCountry "SVK"]
[BlackTeamCountry "ITA"]
[TimeControl "40/5400+30:1800+30"]

1. e4 c6 2. d4 d5 3. exd5 cxd5 4. Bd3 Nf6 5. c3 Bg4 6. Qb3 Qc7 7. Ne2 Bxe2 8. Bxe2 Nc6 9. O-O {[%emt 0:00:10][%cal Oc1f4] The position is equal.} e6 10. Nd2 (10. Bf4 $5 Qd7 (10... Qxf4 11. Qxb7 Rb8 12. Qxc6+ Kd8 13. g3 $16) 11. Nd2 $14) 10... Bd6 11. Nf3 h6 12. h3 O-O 13. Be3 $1 Rab8 14. a4 Na5 15. Qd1 a6 16. Nd2 b5 17. b4 Nc6 18. Nb3 Ne4 19. Qd3 f5 (19... bxa4 $11 20. Nc5 Bxc5 21. dxc5 Rfd8) 20. Bd2 (20. f4 {simplifies} Rfd8 21. axb5 axb5 22. Nc5) 20... Kh8 21. Rfb1 (21. Be1 $14) 21... Bh2+ 22. Kf1 e5 {[%emt 0:04:12][%cal Oe4f2] Threatens to win with ...Nxf2!} 23. Be1 (23. Nc5 $1 $11 {keeps the balance.} Nxf2 24. Kxf2) 23... f4 $17 {[%emt 0:17:28][%cal Oe4g3] White must now prevent ...Ng3+! Black is much more active.} 24. dxe5 $2 (24. Bg4 $17) 24... Rbd8 $2 ({Black should play} 24... Ng3+ $19 25. fxg3 fxg3+ (25... Nxe5 $2 26. Qxd5 fxg3+ 27. Bf3 $19) 26. Bf3 Nxe5 27. Qxd5 Rbd8) 25. Nd4 $2 (25. f3 $15) 25... Nxe5 $19 {[%emt 0:00:25] A dynamic duo of knights.} 26. Qc2 Nc4 {[%emt 0:01:07][%cal Oe4g3] aiming for ...Ng3+!} 27. Bxc4 Qxc4+ {[%emt 0:00:11] Black mates.} ({Inferior is} 27... bxc4 28. Nf3 $14) 28. Qe2 {[%emt 0:00:07] [#]} Ng3+ $1 29. fxg3 fxg3+ 30. Nf3 {[%emt 0:00:22] [#]} Rxf3+ $1 {[%emt 0:00:05][%mdl 512] Weighted Error Value: White=0.83/Black=0.29 (precise) .  Loses game:     	White=2     	---        Missed win:     	---       	Black=1      Mistake:       	White=2     	Black=1      Inaccurate:     	White=2     	Black=1      OK:         	White=6     	Black=7      Best:        	White=1     	Black=1      Strong:       	White=1     	---} 0-1

[Event "Mitropa Cup Women 2024"]
[Site "Apolda"]
[Date "2024.02.21"]
[Round "7.11"]
[White "Gueci, Tea"]
[Black "Sevcikova, Lucia"]
[Result "1/2-1/2"]
[ECO "C02"]
[WhiteElo "2193"]
[BlackElo "2007"]
[Annotator "RC"]
[PlyCount "121"]
[EventDate "2024.02.15"]
[EventType "team-tourn"]
[EventCountry "GER"]
[SourceTitle "playchess.com"]
[Source "ChessBase"]
[SourceQuality "1"]
[WhiteTeam "Italy"]
[BlackTeam "Slovakia"]
[WhiteTeamCountry "ITA"]
[BlackTeamCountry "SVK"]
[TimeControl "40/5400+30:1800+30"]

1. e4 e6 2. d4 d5 3. e5 c5 4. c3 Bd7 5. Nf3 Nc6 6. Be2 Nge7 7. O-O Nf5 8. g4 Nh4 9. Nxh4 Qxh4 10. f4 h5 11. g5 f6 12. Be3 fxg5 13. fxg5 Be7 14. Qd2 O-O-O 15. Na3 Be8 16. Nb5 Bg6 17. Bf4 Rhf8 18. Nd6+ Kb8 19. Rad1 Bf5 20. Qe3 Bh3 21. Rf2 Bg4 22. Qg3 Qxg3+ 23. hxg3 Bxe2 24. Rxe2 cxd4 25. cxd4 g6 26. Rf2 Rd7 27. Rdd2 a6 28. Be3 Nd8 29. Rxf8 Bxf8 30. Ne8 Re7 31. Nf6 Rc7 32. Rh2 Bg7 33. Rf2 Rf7 34. Rf4 Ka7 35. Bd2 Bf8 36. Kf1 Be7 37. Ke2 Rf8 38. Ba5 Rh8 39. Bc7 Nc6 40. a3 b5 41. Bd6 Bxd6 42. exd6 Rd8 43. d7 Kb7 44. Kd3 Kc7 45. Nh7 e5 46. dxe5 Nxe5+ 47. Kd4 Nxd7 48. Rf7 Kd6 49. Nf6 Ne5 50. Rg7 Rc8 51. b3 Ke6 52. Nxd5 Nf3+ 53. Ke3 Kxd5 54. Kxf3 Rc6 55. Kf4 Kd4 56. Rf7 Re6 57. Rf6 Re4+ 58. Kf3 Re3+ 59. Kf4 Re4+ 60. Kf3 Re3+ 61. Kf4 1/2-1/2

[Event "Mitropa Cup Women 2024"]
[Site "Apolda"]
[Date "2024.02.21"]
[Round "7.12"]
[White "Sekova, Olivia"]
[Black "Sala, Giulia"]
[Result "1-0"]
[ECO "B29"]
[WhiteElo "2054"]
[BlackElo "2035"]
[Annotator "NA RC"]
[PlyCount "71"]
[EventDate "2024.02.15"]
[EventType "team-tourn"]
[EventCountry "GER"]
[SourceTitle "playchess.com"]
[Source "ChessBase"]
[SourceQuality "1"]
[WhiteTeam "Slovakia"]
[BlackTeam "Italy"]
[WhiteTeamCountry "SVK"]
[BlackTeamCountry "ITA"]
[TimeControl "40/5400+30:1800+30"]

1. e4 c5 2. Nf3 Nf6 3. e5 Nd5 4. Nc3 e6 5. Ne4 f5 6. Nc3 Nxc3 7. dxc3 Nc6 8. Bf4 Be7 9. h4 O-O 10. Ng5 Qe8 11. Be2 d6 12. exd6 Bf6 13. Be3 b6 14. Qd2 Bxg5 15. Bxg5 h6 16. Be3 e5 17. O-O-O Bd7 18. f3 Na5 19. g4 Qf7 20. b3 f4 21. Bf2 Be6 22. h5 c4 23. b4 Nb7 24. Bh4 Qd7 25. g5 Kh7 26. gxh6 gxh6 27. Rhg1 Rg8 28. Bf6 a5 29. Bxe5 axb4 30. Qxf4 Rgf8 31. Qd4 Rf7 32. Rg6 Rxa2 33. Qe3 Rxc2+ 34. Kb1 Rb2+ 35. Kxb2 bxc3+ 36. Kc1 1-0

[Event "Mitropa Cup Women 2024"]
[Site "Apolda"]
[Date "2024.02.21"]
[Round "7.13"]
[White "Polterauer, Chiara"]
[Black "Georgescu, Lena"]
[Result "1/2-1/2"]
[ECO "C54"]
[WhiteElo "2189"]
[BlackElo "2268"]
[Annotator "TA"]
[PlyCount "27"]
[EventDate "2024.02.15"]
[EventType "team-tourn"]
[EventCountry "GER"]
[SourceTitle "playchess.com"]
[Source "ChessBase"]
[SourceQuality "1"]
[WhiteTeam "Austria"]
[BlackTeam "Switzerland"]
[WhiteTeamCountry "AUT"]
[BlackTeamCountry "SUI"]
[TimeControl "40/5400+30:1800+30"]

1. e4 e5 2. Nf3 Nc6 3. Bc4 Bc5 4. c3 Nf6 5. d4 exd4 6. e5 d5 7. Bb5 Ne4 8. cxd4 Bb6 9. Nc3 O-O {[%emt 0:00:21] The position is equal.} 10. Be3 Bg4 11. Qc2 Bf5 12. Qd1 Bg4 13. Qc2 Bf5 {[%emt 0:00:04] [#] aiming for ...Nxc3.} 14. Qd1 {[%emt 0:02:54] Not much happened in this game.   Weighted Error Value: White=0.04 (flawless) /Black=0.07 (flawless) .  OK:         	White=1     	Black=1} 1/2-1/2

[Event "Mitropa Cup Women 2024"]
[Site "Apolda"]
[Date "2024.02.21"]
[Round "7.14"]
[White "Hryzlova, Sofiia"]
[Black "Hapala, Elisabeth"]
[Result "1-0"]
[ECO "E16"]
[WhiteElo "2196"]
[BlackElo "2001"]
[Annotator "RC"]
[PlyCount "59"]
[EventDate "2024.02.15"]
[EventType "team-tourn"]
[EventCountry "GER"]
[SourceTitle "playchess.com"]
[Source "ChessBase"]
[SourceQuality "1"]
[WhiteTeam "Switzerland"]
[BlackTeam "Austria"]
[WhiteTeamCountry "SUI"]
[BlackTeamCountry "AUT"]
[TimeControl "40/5400+30:1800+30"]

1. d4 Nf6 2. c4 e6 3. Nf3 Bb4+ 4. Bd2 a5 5. g3 b6 6. Bg2 Bb7 7. O-O O-O 8. a3 Bxd2 9. Qxd2 d6 10. Qd3 Nbd7 11. Nc3 Re8 12. e4 e5 13. Rfe1 a4 14. Rad1 exd4 15. Nxd4 Nc5 16. Qc2 Ra5 17. Nd5 Nxd5 18. cxd5 Qf6 19. f4 Raa8 20. h3 Bc8 21. Nb5 Qd8 22. Kh2 Bd7 23. Nd4 Qf6 24. Qc3 Re7 25. Re3 Rae8 26. Rde1 Kf8 27. e5 dxe5 28. fxe5 Rxe5 29. Rxe5 Rxe5 30. Rxe5 1-0

[Event "Mitropa Cup Women 2024"]
[Site "Apolda"]
[Date "2024.02.21"]
[Round "7.15"]
[White "Mayrhuber, Nikola"]
[Black "Manko, Mariia"]
[Result "0-1"]
[ECO "D30"]
[WhiteElo "2009"]
[BlackElo "2128"]
[Annotator "RC"]
[PlyCount "100"]
[EventDate "2024.02.15"]
[EventType "team-tourn"]
[EventCountry "GER"]
[SourceTitle "playchess.com"]
[Source "ChessBase"]
[SourceQuality "1"]
[WhiteTeam "Austria"]
[BlackTeam "Switzerland"]
[WhiteTeamCountry "AUT"]
[BlackTeamCountry "SUI"]
[TimeControl "40/5400+30:1800+30"]

1. d4 Nf6 2. c4 e6 3. Nf3 d5 4. e3 c5 5. cxd5 Nxd5 6. e4 Nf6 7. Nc3 cxd4 8. Nxd4 Bc5 9. Be3 O-O 10. Be2 e5 11. Nc2 Bxe3 12. Nxe3 Nc6 13. Qxd8 Rxd8 14. Rd1 Be6 15. O-O Nd4 16. Bc4 b5 17. Bxb5 Nxe4 18. Nxe4 Nxb5 19. b3 f6 20. Nc5 Bf7 21. Nb7 Rxd1 22. Rxd1 Nc3 23. Rd2 Bg6 24. Nd5 Nxd5 25. Rxd5 Rc8 26. Rd8+ Rxd8 27. Nxd8 Be4 28. Ne6 Kf7 29. Nc5 Bb1 30. a3 Ke7 31. f3 f5 32. b4 Kd6 33. Kf2 Kd5 34. g3 Kd4 35. Ne6+ Kc3 36. Nxg7 Kb3 37. g4 fxg4 38. fxg4 Kxa3 39. b5 Kb4 40. Nf5 Kxb5 41. Nd6+ Kc5 42. Nb7+ Kb4 43. Ke3 a5 44. Kd2 a4 45. Kc1 e4 46. Nd8 e3 47. Ne6 e2 48. Kd2 a3 49. Nf4 a2 50. Nd5+ Kc5 0-1